 Dungeon Crawl Stone Soup version 0.26-a0-259-g1effd001a9 (webtiles) character file.

Game seed: 13586671984366124852

3554 Apogee the Thaumaturge (level 9, -5/52 HPs)
             Began as a Deep Elf Ice Elementalist on July 27, 2020.
             Hit by a boomerang thrown by an orc (6 damage)
             ... on level 9 of the Dungeon.
             The game lasted 00:31:09 (10726 turns).

Apogee the Thaumaturge (Deep Elf Ice Elementalist) Turns: 10726, Time: 00:31:09

Health: -5/52      AC:  6    Str: 11    XL:     9   Next: 83%
Magic:  18/25      EV: 16    Int: 24    God:
Gold:   342        SH:  0    Dex: 15    Spells: 14/29 levels left

rFire    . . .     SeeInvis .   x - +4 quarterstaff (chaos)
rCold    . . .     Faith    .   (shield currently unavailable)
rNeg     . . .     Spirit   .   M - +0 robe {MR+}
rPois    +         Reflect  .   H - +1 helmet
rElec    .         Harm     .   w - +0 cloak {rPois}
rCorr    .                      l - +0 pair of gloves
MR       +....                  (no boots)
Stlth    +++.......             s - amulet of magic regeneration
HPRegen  0.17/turn              k - ring of stealth
MPRegen  0.44/turn              t - +6 ring of strength

@: no status effects
A: no striking features
a: no special abilities


You were on level 9 of the Dungeon.
You were not hungry.

You visited 2 branches of the dungeon, and saw 10 of its levels.

You collected 433 gold pieces.
You spent 91 gold pieces at shops.

Inventory:

Hand Weapons
 g - a +0 hand axe
   (You found it on level 1 of the Dungeon)
 h - a +0 dagger
   (You found it on level 1 of the Dungeon)
 x - a +4 quarterstaff of chaos (weapon)
   (You took it off Crazy Yiuf on level 3 of the Dungeon)
Missiles
 b - 218 stones (quivered)
 A - 8 atropa-tipped darts
Armour
 a - a +0 robe
 l - a +0 pair of gloves (worn)
   (You found it on level 1 of the Dungeon)
 v - a +0 helmet
   (You bought it in a shop on level 5 of the Dungeon)
 w - a +0 cloak of poison resistance (worn)
   (You took it off Crazy Yiuf on level 3 of the Dungeon)
 H - a +1 helmet (worn)
   (You found it on level 6 of the Dungeon)
 J - a scarf of invisibility
   (You found it on level 6 of the Dungeon)
 M - a +0 robe of magic resistance (worn)
   (You took it off Jessica on level 3 of the Dungeon)
Jewellery
 i - an uncursed ring of protection from fire
   (You found it on level 1 of the Dungeon)
 k - a ring of stealth (left hand)
   (You found it on level 1 of the Dungeon)
 s - an amulet of magic regeneration (around neck)
   (You found it on level 3 of the Dungeon)
 t - a +6 ring of strength (right hand)
   (You found it on level 3 of the Dungeon)
Wands
 d - a wand of iceblast (11)
   (You found it on level 7 of the Dungeon)
 u - a wand of paralysis (8)
   (You found it on level 8 of the Dungeon)
Scrolls
 c - a scroll of identify {@r1}
 j - 10 scrolls of remove curse {@r2}
 n - 2 scrolls of fear {unknown}
 o - 2 scrolls of random uselessness {unknown}
 p - 3 scrolls of amnesia {unknown}
 q - 5 scrolls of blinking
 y - 3 scrolls of enchant armour {unknown}
 B - 9 scrolls of teleportation {@r4}
 F - 4 scrolls of magic mapping
Potions
 f - a potion of flight {unknown}
 m - 2 potions of stabbing
 r - 6 potions of curing {@q1}
 z - a potion of resistance {unknown}
 C - a potion of ambrosia {unknown}
 D - a potion of haste {@q3}
 E - a potion of magic {unknown}
 G - 3 potions of lignification {!q}
 I - a potion of might {unknown}
 K - 2 potions of mutation {!q}
 L - a potion of berserk rage {unknown}
Comestibles
 e - 15 rations {!d}


   Skills:
 + Level 4.4 Fighting
 + Level 7.0 Dodging
 - Level 2.4 Stealth
 - Level 10.8 Spellcasting
 - Level 2.0 Conjurations
 - Level 2.0 Summonings
 - Level 9.9 Ice Magic


You had 14 spell levels left.
You knew the following spells:

 Your Spells              Type           Power        Failure   Level
a - Freeze                Ice            ####         1%          1
b - Frozen Ramparts       Ice            ######       1%          3
c - Hailstorm             Conj/Ice       #####...     4%          4
d - Summon Ice Beast      Ice/Summ       #####...     4%          4
e - Ozocubu's Armour      Chrm/Ice       #####...     1%          3

Your spell library contained the following spells:

 Spells                   Type           Power        Failure   Level
 Shock                    Conj/Air       ###.         3%          1
 Swiftness                Chrm/Air       ##......     8%          2
 Static Discharge         Conj/Air       ###.....     10%         3
 Airstrike                Air            ##........   43%         4
 Lightning Bolt           Conj/Air       ###.......   65%         5


Dungeon Overview and Level Annotations

Branches:
Dungeon (9/15)             Temple (1/1) D:5            Lair (0/6) D:9
    Orc: D:9-12

Altars:
Cheibriados
Dithmenos
Elyvilon
Fedhas
Gozag
Hepliaklqana
Kikubaaqudgha
Makhleb
Nemelex Xobeh
Okawaru
Qazlal
Ru
Sif Muna
Trog
Uskayaw
Vehumet
Wu Jian
Xom
Yredelemnul
Zin
The Shining One

Shops:
D:5 !!*:   D:8 *

Annotations:
D:5 Zebulonius's ghost, novice MiBe


Message History

Things that are here:
a +0 leather armour; an orc corpse A warg comes into view.
A warg is nearby!
There is a stone staircase leading down here.
The warg howls!
You hear a howl!
You hear a bark!
An orc comes into view. It is wielding a +0 flail.
A hound comes into view.
The orc moves out of view.
Found a staircase to the Lair.
A cannonade of hail descends around you!
The hail pelts the warg!
The hound barks!
You hear a shout!
You hit the warg. You freeze the warg. The warg closely misses you.
The warg misses you.
You hit the warg. The warg closely misses you.
An orc priest comes into view. It is wielding a +0 short sword.
You barely miss the warg. The warg barely misses you. The warg bites you!
A warg comes into view.
The hound bites you but does no damage. The warg bites you!
A chill wind blows around you. The hound misses you.
The warg closely misses you.
You swap places.
The hound barely misses your ice beast. The warg bites your ice beast!
The hound bites your ice beast but does no damage.
Your ice beast hits the hound.
Your ice beast freezes the hound!
The hound dies!
Your ice beast closely misses the warg.
Things that are here:
a +0 leather armour; an orc corpse A chill wind blows around you.
The warg bites your ice beast but does no damage.
The warg bites you!
* * * LOW HITPOINT WARNING * * *
The warg bites your ice beast!
Your ice beast hits the warg.
Your ice beast freezes the warg!
The orc hits your ice beast with a +0 flail.
There is an open door here.
The warg barely misses your ice beast.
Your ice beast barely misses the warg.
The warg bites you!
* * * LOW HITPOINT WARNING * * *
The warg misses your ice beast.
Aim: a warg (almost dead)
You freeze the warg!
You kill the warg!
Your Dodging skill increases to level 7!
The orc throws a boomerang.
The boomerang barely misses your ice beast.
The boomerang hits you.
You die...

#.....# ##...## ##.##
##+## #.# ##...## #.#
##.....## ####.#
##.......## ##.##.#
####.........####...#.#
...'.....>.[YY@)......#
##......ho.####...#.#
##.......## ##.#..#
#...###.## ###.## #....
### #.# #..... #.#
#..... #.# #.....h #.#
#...... #.#


You could see a warg, an orc and 2 friendly ice beasts.

Vanquished Creatures
  Sigmund (D:3)
  A spriggan (D:7)
  Menkaure (D:7)
  A warg (D:9)
  3 sky beasts
  An orc warrior (D:7)
  An ogre (D:7)
  3 centaurs
  A bullfrog (D:8)
  2 scorpions (D:8)
  7 killer bees
  4 wights (D:8)
  A nameless horror (D:5)
  An electric eel (D:7)
  2 howler monkeys (D:7)
  4 hounds
  A bullfrog zombie (D:5)
  Crazy Yiuf (D:3)
  3 orc priests
  A bullfrog skeleton (D:8)
  An iguana (D:4)
  Jessica (D:3)
  9 orc wizards
  5 worker ants
  A worker ant zombie (D:5)
  7 adders
  An ufetubus (D:4)
  2 oozes (D:5)
  2 adder zombies
  An adder skeleton (D:5)
  2 worms (D:2)
  4 dart slugs
  5 leopard geckos
  17 orcs
  5 giant cockroaches
  8 goblins
  12 hobgoblins
  3 jackals (D:1)
  7 quokkas
  3 ball pythons
  7 bats
  4 frilled lizards
  A jackal zombie (D:5)
  6 kobolds
  6 rats
160 creatures vanquished.

Vanquished Creatures (collateral kills)
  A steam dragon (D:7)
  An ice beast (D:6)
  A phantom (D:7)
  3 ogres
  A centaur (D:7)
  A bullfrog (D:7)
  4 killer bees
  A wight (D:8)
  A centaur zombie (D:5)
  A hound (D:9)
  2 orc priests (D:9)
  A bullfrog skeleton (D:3)
  A jelly (D:6)
  An iguana (D:7)
  An adder (D:3)
  A shadow imp (D:5)
  3 white imps
  An adder zombie (D:8)
  An adder skeleton (D:5)
  3 orcs
  A quokka (D:7)
  A jackal zombie (D:8)
  A quokka skeleton (D:7)
33 creatures vanquished.

Vanquished Creatures (others)
  An ice beast (D:5)
  4 plants (D:7)
5 creatures vanquished.

Grand Total: 198 creatures vanquished

Notes
Turn   | Place    | Note
-------+----------+-------------------------------------------
     0 | D:1      | Apogee the Deep Elf Ice Elementalist began the quest for
                  | the Orb.
     0 | D:1      | Reached XP level 1. HP: 10/10 MP: 6/6
   142 | D:1      | Reached XP level 2. HP: 9/15 MP: 3/8
   665 | D:1      | Reached skill level 4 in Spellcasting
  1012 | D:2      | Reached skill level 5 in Ice Magic
  1012 | D:2      | Reached XP level 3. HP: 19/19 MP: 8/10
  1020 | D:2      | Learned a level 3 spell: Frozen Ramparts
  1226 | D:2      | Found a shadowy altar of Dithmenos.
  1253 | D:2      | Found a sacrificial altar of Ru.
  1605 | D:2      | Reached XP level 4. HP: 24/24 MP: 8/12
  2175 | D:3      | Reached skill level 5 in Spellcasting
  2193 | D:3      | Found a runed translucent door.
  2194 | D:3      | Noticed Crazy Yiuf
  2221 | D:3      | Learned a level 4 spell: Hailstorm
  2226 | D:3      | Learned a level 4 spell: Summon Ice Beast
  2331 | D:3      | Noticed Sigmund
  2375 | D:3      | Killed Sigmund
  2375 | D:3      | Reached XP level 5. HP: 17/28 MP: 3/15
  2375 | D:3      | Reached XP level 6. HP: 19/32 MP: 3/16
  2579 | D:3      | Noticed Jessica
  2581 | D:3      | Killed Jessica
  2880 | D:3      | Reached skill level 6 in Spellcasting
  3243 | D:3      | Killed Crazy Yiuf
  3370 | D:4      | Found a blossoming altar of Fedhas.
  3965 | D:5      | Entered Level 5 of the Dungeon
  3966 | D:5      | Noticed an ice beast
  3993 | D:5      | Banished an ice beast
  3993 | D:5      | Reached skill level 7 in Spellcasting
  3993 | D:5      | Reached XP level 7. HP: 31/36 MP: 9/19
  4078 | D:5      | Found Hymokk's Book Emporium.
  4530 | D:5      | Found Tesun's Distillery.
  4631 | D:5      | Bought a potion of degeneration for 10 gold pieces
  4818 | D:5      | Found a staircase to the Ecumenical Temple.
  4858 | Temple   | Entered the Ecumenical Temple
  4965 | D:5      | Found Tashebu's Assorted Antiques.
  4968 | D:5      | Bought a helmet for 81 gold pieces
  4989 | D:5      | Found a runed translucent gate.
  4989 | D:5      | Found a runed translucent gate.
  4989 | D:5      | Found a runed translucent gate.
  4994 | D:5      | Noticed Zebulonius's ghost (novice MiBe)
  5038 | D:5      | Found Ciepannyaz's Distillery.
  5094 | D:5      | Learned a level 3 spell: Ozocubu's Armour
  5109 | D:5      | Reached skill level 8 in Spellcasting
  5254 | D:5      | Found a glowing golden altar of the Shining One.
  5257 | D:5      | Found a radiant altar of Vehumet.
  5260 | D:5      | Found a shimmering altar of Xom.
  5305 | D:5      | Found a glowing silver altar of Zin.
  5495 | D:5      | Found a sparkling altar of Nemelex Xobeh.
  5905 | D:6      | Reached XP level 8. HP: 30/41 MP: 22/22
  6220 | D:6      | Reached skill level 9 in Spellcasting
  7231 | D:7      | Reached skill level 10 in Spellcasting
  7279 | D:7      | Reached XP level 9. HP: 35/45 MP: 5/25
  7471 | D:7      | Reached skill level 1 in Fighting
  8096 | D:7      | Found a hazy altar of Hepliaklqana.
  8246 | D:7      | Noticed Menkaure
  8271 | D:7      | Killed Menkaure
  8857 | D:8      | Reached skill level 5 in Dodging
  8994 | D:8      | Found Etawaukon's General Store.
  9449 | D:8      | Found a shimmering altar of Xom.
 10712 | D:9      | Found a staircase to the Lair.
 10725 | D:9      | HP: 1/52 [warg (16)]
 10726 | D:9      | Hit by a boomerang thrown by an orc

Illustrated notes

Levels and vault maps discovered:
D:1:      psy_arrival_whirlpool, layout_loops_ring
D:2:      layout_basic, grunt_dithmenos_smoke,
          nicolae_ru_great_annihilating_truth
D:3:      layout_basic, first_ration, minmay_diced_spiral,
          uniq_crazy_yiuf_cottage, uniq_sigmund, uniq_jessica
D:4:      cheibrodos_quashed, layout_rooms, fedhas_altar_2
D:5:      layout_loops_ring, grunt_temple_overflow_diamond, zin_scriptorium,
          kennysheep_mini, minmay_temple_entry_hall, serial_shops, shop, shop,
          shop_fountains, nicolae_shop_window_shopping,
          gammafunk_ghost_necromancy
D:6:      layout_basic
D:7:      layout_rooms, kennysheep_mini_moat, serial_bayou,
          serial_bayou_shore_a, serial_bayou_crossing, serial_bayou_pond_b,
          serial_bayou_pond_c, the_bakery, uniq_menkaure
D:8:      layout_layer_cave, serial_shops, shop, basic_altar,
          dk_rats_in_the_wall
D:9:      layout_loops_corners, lemuel_crystal_altar, erik_lair_orcish_takeover,
          minmay_orc_entry_temple_large, lemuel_tele_altar
Temple:   minmay_temple_bridge_abc

Skill      XL: |  1  2  3  4  5  6  7  8  9 |
---------------+----------------------------+-----
Spellcasting   | 4 5 7 8 10 | 10.8
Ice Magic      | 5 6 7 8 9 |  9.9
Conjurations   | 2 |  2.0
Summonings     | 2 |  2.0
Fighting       | 4 |  4.4
Dodging        | 7 |  7.0
Stealth        | |  2.4

Action                   |  1- 3 |  4- 6 |  7- 9 || total
-------------------------+-------+-------+-------++-------
Melee: Hand axe          |     2 |       |       ||     2
       Dagger            |     6 |    24 |       ||    30
       Quarterstaff      |       |    19 |   130 ||   149
Throw: Stone             |    28 |     1 |     9 ||    38
 Cast: Freeze            |    41 |    24 |    21 ||    86
       Frozen Ramparts   |     7 |    10 |    21 ||    38
       Summon Ice Beast  |       |     9 |    50 ||    59
       Hailstorm         |       |       |    23 ||    23
       Ozocubu's Armour  |       |       |     3 ||     3
  Use: Scroll            |       |       |    11 ||    11
 Stab: Sleeping          |     3 |     9 |     5 ||    17
       Paralysed         |     1 |       |       ||     1
       Confused          |       |     1 |       ||     1
       Distracted        |       |       |     2 ||     2
  Eat: Ration            |     1 |     2 |     6 ||     9
Armor: Robe              |     7 |    13 |    39 ||    59
Dodge: Dodged            |    16 |    39 |   143 ||   198

Table legend:
 A = Non-vault XP
 B = Vault XP
 C = Vault XP percentage of total XP
 D = Non-vault monster count
 E = Vault monster count
 F = Vault count percentage of total count
                 A         B        C        D         E       F
            +---------+---------+-------+---------+---------+-------
      Total |    4243 |     835 |  16.4 |     174 |      19 |   9.8
            +---------+---------+-------+---------+---------+-------
        D:1 |      39 |       0 |   0.0 |      21 |       0 |   0.0
        D:2 |      56 |       6 |   9.7 |      15 |       4 |  21.1
        D:3 |     128 |     317 |  71.2 |      28 |       7 |  20.0
        D:4 |     124 |       0 |   0.0 |       6 |       0 |   0.0
        D:5 |     567 |       3 |   0.5 |      21 |       1 |   4.5
        D:6 |     627 |       0 |   0.0 |      27 |       0 |   0.0
        D:7 |    1548 |     326 |  17.4 |      30 |       4 |  11.8
        D:8 |     995 |       0 |   0.0 |      23 |       0 |   0.0
        D:9 |     159 |     183 |  53.5 |       3 |       3 |  50.0
            +---------+---------+-------+---------+---------+-------
